 Dungeon Crawl Stone Soup version 0.28-a0-1518-gbe868bca14 (webtiles) character file.

Game seed: 16096309186846200999

58 croobank the Skirmisher (level 3, -4/46 (49) HPs)
             Began as a Draconian Cinder Acolyte on Jan 16, 2022.
             Was a High Priest of Ignis.
             Slain by a hell rat (9 damage)
             ... in a sewer.
             The game lasted 00:07:32 (1813 turns).

croobank the Skirmisher (Draconian Cinder Acolyte)  Turns: 1813, Time: 00:07:33

HP:   -4/46 (49)    AC: 21    Str: 16    XL:     3   Next: 76%
MP:   1/5           EV:  2    Int: 14    God:    Ignis [*****.]
Gold: 49            SH:  0    Dex:  8    Spells: 3/5 levels left

rFire   + . .      SeeInvis .   a - -1 hand axe (flame)
rCold   . . .      Faith    .   (no shield)
rNeg    . . .      Spirit   .   (armour unavailable)
rPois   +          Reflect  .   (helmet currently unavailable)
rElec   .          Harm     .   (cloak currently unavailable)
rCorr   .          Rampage  .   (gloves currently unavailable)
Will    .....      NoTele   +   (boots currently unavailable)
Stlth   +.........              (no amulet)
HPRegen 0.15/turn               (no ring)
MPRegen 0.09/turn               (no ring)

@: tree-form, drained
A: stationary, stasis, torment immunity, boosted hp, AC +5, unfitting armour,
(cold-blooded)
a: Renounce Religion, Fiery Armour, Foxfire Swarm, Rising Flame


You were in a sewer.
You worshipped Ignis.
Ignis was extremely pleased with you.
You were a tree.
You visited 1 branch of the dungeon, and saw 3 of its levels.
You also visited: Sewer.

You collected 49 gold pieces.

Inventory:

Hand Weapons
 a - a -1 hand axe of flaming (weapon)
 b - a +0 hunting sling
 c - a +0 whip
Missiles
 d - 45 stones (quivered)
Armour
 k - a +0 pair of boots (melded)
Magical Staves
 g - a staff of earth
Scrolls
 e - a scroll of magic mapping {unknown}
 f - a scroll of immolation
 h - a scroll of fog {unknown}
 i - a scroll of identify {unknown}


   Skills:
 + Level 3.8 Fighting
 + Level 3.5 Axes
 + Level 1.8 Spellcasting
 + Level 3.4 Fire Magic


You had 3 spell levels left.
You knew the following spells:

 Your Spells              Type           Power      Damage    Failure   Level
a - Scorch                Fire           22%        2d6       9%          2

Your spell library contained the following spells:

 Spells                   Type           Power      Damage    Failure   Level


Dungeon Overview and Level Annotations

Branches:
Dungeon (3/15)              Sewer (1/1)

Altars:

Annotations:
D:2 Sigmund


Innate Abilities, Weirdness & Mutations

You are a tree.
Your roots penetrate the ground, keeping you stationary.
You cannot be teleported.
You are immune to unholy pain and torment.
Your maximum health is greatly increased.
Your equipment is partially melded.
((Your plain brown scales are hard. (AC +5)))
You cannot fit into any form of body armour.
((You are cold-blooded and may be slowed by cold attacks.))


Message History

Found a gate leading back out of this place.
Casting: Scorch (safe; 9% risk of failure)
Confirm with . or Enter, or press ? or * to list all spells.
Flames lash the hell rat.
The hell rat is lightly wounded.
The hell rat's fire resistance burns away.
The hell rat is engulfed in a cloud of scalding steam.
The hell rat bites you!
Ouch! That really hurt!
You feel drained.
* * * LOW HITPOINT WARNING * * *
Casting: Scorch (safe; 9% risk of failure)
Confirm with . or Enter, or press ? or * to list all spells.
Flames lash the hell rat but do no damage.
The hell rat is no longer more vulnerable to fire.
The hell rat bites you.
* * * LOW HITPOINT WARNING * * *
Okay, then.
It was a potion of lignification.
You turn into a tree.
Your +0 pair of boots melds into your body.
Your roots penetrate the ground.
The hell rat bites you but does no damage.
You hit the hell rat but do no damage.
The hell rat is moderately wounded.
The hell rat barely misses you.
You hit the hell rat but do no damage.
The hell rat is moderately wounded.
The hell rat bites you but does no damage. x2
You hit the hell rat but do no damage.
The hell rat is moderately wounded.
The hell rat bites you but does no damage.
You barely miss the hell rat.
The hell rat is moderately wounded.
The hell rat bites you but does no damage.
You hit the hell rat. You burn the hell rat.
The hell rat is severely wounded.
The hell rat bites you.
* * * LOW HITPOINT WARNING * * *
The hell rat bites you!
You die...

##≈. ≈.≈.≈..
##≈.. ≈..#
#... ≈≈.#
##≈.# #≈≈##
#.≈. ..≈#
#≈≈# #≈≈#
#.♣# #.≈#
#≈≈r≈≈≈!∩#∩∩#
#≈≈#≈≈≈??#.≈#
#..##≈≈?##.≈#
#≈≈.#≈.≈#≈≈.#
##.†##.##≈≈##
#.≈≈###.≈≈#
##≈.≈.≈≈≈##
#..≈≈≈..#


You could see a hell rat.

Vanquished Creatures
  An adder (D:3)
  A dart slug (D:2)
  An orc (D:3)
  5 ball pythons
  An endoplasm (D:1)
  4 giant cockroaches
  3 goblins
  7 hobgoblins
  3 quokkas (D:3)
  4 bats
  A frilled lizard (D:1)
  3 kobolds
  10 rats
44 creatures vanquished.

Notes
Turn   | Place    | Note
-------+----------+-------------------------------------------
     0 | D:1      | croobank the Draconian Cinder Acolyte began the quest for
                  | the Orb.
     0 | D:1      | Reached XP level 1. HP: 19/19 MP: 2/2
   120 | D:1      | Reached XP level 2. HP: 23/26 MP: 3/3
   123 | D:1      | Learned a level 2 spell: Scorch
  1181 | D:2      | Reached XP level 3. HP: 31/31 MP: 0/5
  1361 | D:2      | Noticed Sigmund
  1410 | D:2      | Noticed a necrophage
  1520 | D:3      | Found a glowing drain.
  1706 | Sewer    | Entered a sewer
  1813 | Sewer    | Slain by a hell rat

Illustrated notes

Levels and vault maps discovered:
D:1:      minmay_arrival_doors, layout_loops_ring
D:2:      layout_basic, chequers_mini_garden, uniq_terence, uniq_sigmund,
          uniq_natasha
D:3:      layout_loops_ring, nicolae_uskayaw_dance_hall,
          hellmonk_ecumenical_altar_watching_god, portal_sewer_entry_f,
          st_stairs_6, lemuel_old_faithful
Sewer:    sewer_hellmonk_bad_rat

Action                   || total
-------------------------++-------
Melee: Hand axe          ||    68
       Tailslap          ||     3
       Punch             ||     1
 Cast: Scorch            ||    23
  Use: Scroll            ||     1
       Potion            ||     1
Armor: Skin              ||    25
Dodge: Dodged            ||    38

Table legend: (Time is in decaauts)
 A = Elapsed time spent in this place.
 B = Non-inter-level travel time spent in this place.
 C = Inter-level travel time spent in this place.
 D = Time resting spent in this place.
 E = Time spent auto-exploring this place.
 F = Levels seen in this place.
 G = Mean time per level.
                   A        B        C        D        E       F      G
               +--------+--------+--------+--------+--------+-----+--------+
         Total |   1829 |   1802 |     27 |    253 |   1122 |   4 |  457.2 |
       Dungeon |   1716 |   1689 |     27 |    202 |   1122 |   3 |  572.0 |
         Sewer |    113 |    113 |      0 |     51 |      0 |   1 |  113.0 |
               +--------+--------+--------+--------+--------+-----+--------+

Top non-repeatable levels by time:
     D:1: 1174 daAuts
     D:3: 293 daAuts
     D:2: 248 daAuts
   Sewer: 113 daAuts
